 Dungeon Crawl Stone Soup version 0.27-a0-1321-gd358eaa319 (webtiles) character file.

Game seed: 9506815433573005172

7639 nullMove the Cleaver (level 10, 0/144 HPs)
             Began as a Minotaur Berserker on June 21, 2021.
             Was a High Priest of Trog.
             Slain by a cyan ugly thing (14 damage)
             ... on level 9 of the Dungeon on June 22, 2021.
             The game lasted 01:10:22 (12369 turns).

nullMove the Cleaver (Minotaur Berserker)          Turns: 12369, Time: 01:10:23

Health: 0/144      AC: 16    Str: 23    XL:     10   Next: 98%
Magic:  3/3        EV: 10    Int:  4    God:    Trog [*****.]
Gold:   136        SH:  0    Dex: 12    Spells: 9/9 levels left

rFire    + . .     SeeInvis .   W - +3 broad axe (antimagic)
rCold    x . .     Faith    .   (no shield)
rNeg     . . .     Spirit   .   v - +0 chain mail
rPois    .         Reflect  .   (helmet restricted)
rElec    .         Harm     .   i - +0 cloak
rCorr    .         Rampage  .   Q - +2 pair of gloves
Will     .....                  (no boots)
Stlth    ..........             (no amulet)
HPRegen  0.34/turn              G - ring of fire
MPRegen  0.08/turn              N - ring of flight

@: berserking, on fire, flying, glowing, very quick
A: horns 2, retaliatory headbutt
a: Renounce Religion, Berserk, Trog's Hand, Brothers in Arms


You were on level 9 of the Dungeon.
You worshipped Trog.
Trog was extremely pleased with you.
You visited 1 branch of the dungeon, and saw 9 of its levels.
You also visited: Sewer.

You collected 484 gold pieces.
You spent 348 gold pieces at shops.

Inventory:

Hand Weapons
 a - a +0 hand axe
 m - a +2 mace of protection
 w - a +1 hand axe of venom
 B - a +1 antimagic war axe
 S - a +3 dagger of chaos
 W - a +3 antimagic broad axe (weapon)
Missiles
 j - 222 stones (quivered)
 l - 52 poisoned darts
 r - 2 curare-tipped darts
 P - 4 throwing nets
Armour
 b - a +0 animal skin
 g - a +0 ring mail
 i - a +0 cloak (worn)
 p - a +0 buckler
 v - a +0 chain mail (worn)
 O - a +0 plate armour
 Q - a +2 pair of gloves (worn)
Jewellery
 G - a ring of fire (left hand)
 N - a ring of flight (right hand)
 V - an amulet of regeneration
 X - a ring of magical power
Wands
 x - a wand of charming (7)
 y - a wand of polymorph (10)
 z - a wand of flame (33)
 I - a wand of acid (11)
 K - a wand of mindburst (16)
 T - a wand of iceblast (6)
Scrolls
 f - 6 scrolls of teleportation
 k - a scroll of immolation {unknown}
 n - 3 scrolls of identify
 o - a scroll of vulnerability {unknown}
 s - a scroll of blinking {unknown}
 u - 2 scrolls of magic mapping {unknown}
 A - 2 scrolls of acquirement {unknown}
 D - 3 scrolls of amnesia {unknown}
 J - 2 scrolls of holy word {unknown}
 L - a scroll of fog {unknown}
 M - a scroll of enchant weapon {unknown}
 U - a scroll of noise {unknown}
Potions
 c - 10 potions of flight
 d - 3 potions of heal wounds
 e - 5 potions of might
 h - 2 potions of resistance {unknown}
 q - 5 potions of curing {unknown}
 t - a potion of invisibility {unknown}
 C - a potion of mutation {unknown}
 E - a potion of lignification
 F - a potion of attraction {unknown}
 H - 2 potions of degeneration {unknown}
 R - a potion of brilliance {unknown}


   Skills:
 + Level 11.5 Fighting
 * Level 11.7(11.8) Axes
 - Level 3.2(8.3) Maces & Flails
 * Level 10.4 Armour
 + Level 6.4 Dodging


You had 9 spell levels left.
You didn't know any spells.
Your spell library was empty.

Dungeon Overview and Level Annotations

Branches:
Dungeon (9/15)             Temple (0/1) D:4            Lair (0/6) D:8
  Sewer (visited)
    Orc: D:9-12

Altars:
Cheibriados
Dithmenos
Elyvilon
Makhleb
Nemelex Xobeh
Okawaru
Qazlal
Ru
Sif Muna
Trog
Uskayaw
Vehumet
Wu Jian
Xom
Zin

Shops:
D:9 ((:


Innate Abilities, Weirdness & Mutations

You have a pair of horns on your head.
You reflexively headbutt those who attack you in melee.


Message History

The red very ugly thing is moderately wounded.
You hit the cyan ugly thing. x3
You are covered in liquid flames!
* * * LOW HITPOINT WARNING * * *
The red very ugly thing engulfs you!
* * * LOW HITPOINT WARNING * * *
You are covered in liquid flames.
You are covered in liquid flames!
The cyan ugly thing trunk-slaps you but does no damage.
You slice the red very ugly thing!!
Your headbutt misses the red very ugly thing.
The red very ugly thing is severely wounded.
You slash the cyan ugly thing! x2; You slice the cyan ugly thing!!
You are covered in liquid flames!
The cyan ugly thing gores you but does no damage.
The red very ugly thing engulfs you but does no damage.
Okay, then.
Unknown command.
You closely miss the red very ugly thing.
You headbutt the red very ugly thing.
The red very ugly thing is severely wounded.
You slash the cyan ugly thing! x2
You kill the cyan ugly thing!
Trog accepts your kill.
You closely miss the cyan ugly thing.
You are covered in liquid flames!
* * * LOW HITPOINT WARNING * * *
The cyan ugly thing gores you but does no damage.
You slice the red very ugly thing!!
You kill the red very ugly thing!
Trog accepts your kill.
You closely miss the cyan ugly thing. You slash the cyan ugly thing!
You barely miss the cyan ugly thing.
You are covered in liquid flames!
* * * LOW HITPOINT WARNING * * *
The cyan ugly thing tentacle-slaps you but does no damage.
The cyan ugly thing headbutts you!
* * * LOW HITPOINT WARNING * * *
The cyan ugly thing shocks you!
You die...

###
#..........#####.#
#.#########..##...
#.# ##...... #.#
##..... #.# #.....
#.# ##..... #.#
#...... ####.####
#...... #..u@†..#
#...... ###'uu###
##...... #..!....#
#....... #.#.!.#.#
#......# #...#...#
#....### #.#...#!#
#..### ##.#.#.##
#### .#§..#.


You could see 3 ugly things.

Vanquished Creatures
  A very ugly thing (D:9)
  Harold (D:9)
  2 two-headed ogres (D:9)
  An ugly thing (D:9)
  Joseph (D:9)
  Psyche (D:8)
  A troll (D:9)
  A hornet (D:9)
  6 yaks (D:9)
  A centaur simulacrum (D:9)
  2 steam dragons (D:8)
  3 water moccasins
  A hornet zombie (D:7)
  2 orc warriors
  3 ogres (D:6)
  3 centaurs
  4 kobold brigands
  5 bullfrogs
  A gnoll sergeant (D:9)
  4 killer bees
  A howler monkey (D:4)
  3 centaur zombies
  4 hounds
  2 centaur skeletons (D:7)
  A gnoll shaman (D:8)
  4 orc priests
  2 iguanas
  4 orc wizards
  3 hell rats (D:8)
  A killer bee zombie (D:6)
  2 hound skeletons (D:4)
  16 gnolls
  A howler monkey skeleton (D:7)
  9 adders
  A river rat (D:8)
  An ufetubus (D:7)
  3 worms
  3 dart slugs
  12 orcs
  5 bats
  8 endoplasms
  3 giant cockroaches
  6 goblins
  5 hobgoblins
  5 jackals
  15 kobolds
  7 quokkas
  15 ball pythons
  5 frilled lizards
  12 rats
203 creatures vanquished.

Vanquished Creatures (others)
  A plant (D:1)
1 creature vanquished.

Grand Total: 204 creatures vanquished

Notes
Turn   | Place    | Note
-------+----------+-------------------------------------------
     0 | D:1      | nullMove the Minotaur Berserker began the quest for the
                  | Orb.
     0 | D:1      | Reached XP level 1. HP: 19/19 MP: 0/0
    80 | D:1      | Found a faded altar of an unknown god.
   361 | D:1      | Reached XP level 2. HP: 22/27 MP: 1/1
  1244 | D:2      | Reached ** piety under Trog
  1245 | D:2      | Reached XP level 3. HP: 32/34 MP: 2/2
  1598 | D:2      | Reached skill level 5 in Fighting
  1598 | D:2      | Reached XP level 4. HP: 20/42 MP: 3/3
  2250 | D:3      | Found a shimmering blue altar of Sif Muna.
  2251 | D:3      | Found a shimmering altar of Xom.
  2352 | D:3      | Found a glowing drain.
  2380 | Sewer    | Entered a sewer
  2451 | Sewer    | Noticed a kobold brigand
  2463 | Sewer    | Killed a kobold brigand
  2464 | Sewer    | Reached skill level 1 in Maces & Flails
  2464 | Sewer    | Reached XP level 5. HP: 32/48 MP: 4/4
  2686 | Sewer    | Reached skill level 5 in Axes
  2687 | Sewer    | Reached *** piety under Trog
  2688 | Sewer    | Reached XP level 6. HP: 49/57 MP: 5/5
  3019 | D:3      | Found a shadowy altar of Dithmenos.
  3885 | D:4      | Reached XP level 7. HP: 64/64 MP: 6/6
  3980 | D:4      | Found a staircase to the Ecumenical Temple.
  3989 | D:4      | Reached **** piety under Trog
  4137 | D:4      | Found a burning altar of Makhleb.
  4325 | D:4      | Found a glowing silver altar of Zin.
  4325 | D:4      | Noticed an angel
  4326 | D:4      | Noticed a blizzard demon
  4436 | D:5      | Entered Level 5 of the Dungeon
  4474 | D:5      | Found a bloodstained altar of Trog.
  5618 | D:6      | Reached skill level 5 in Armour
  6016 | D:6      | Reached XP level 8. HP: 63/73 MP: 2/7
  6531 | D:6      | Reached skill level 5 in Dodging
  6800 | D:6      | HP: 3/75 [poisoned by a killer bee]
  7897 | D:7      | Found a radiant altar of Vehumet.
  8380 | D:8      | Reached XP level 9. HP: 81/84 MP: 2/8
  8689 | D:8      | Found a sparkling altar of Nemelex Xobeh.
  8765 | D:8      | Found a snail-covered altar of Cheibriados.
  8836 | D:8      | Found a hide-covered altar of Uskayaw.
  8839 | D:8      | Found a white marble altar of Elyvilon.
  8839 | D:8      | Found an ornate altar of the Wu Jian Council.
  8975 | D:8      | Noticed a death yak
  8984 | D:8      | Noticed a death yak
  8989 | D:8      | Noticed a death yak
  9725 | D:8      | Found a staircase to the Lair.
 10118 | D:8      | Noticed Psyche
 10133 | D:8      | Killed Psyche
 10134 | D:8      | Reached skill level 10 in Fighting
 10591 | D:9      | Noticed Joseph
 10604 | D:9      | Killed Joseph
 10783 | D:9      | Found a stormy altar of Qazlal.
 10783 | D:9      | Noticed a troll
 10789 | D:9      | Killed a troll
 10938 | D:9      | Found Odusez's Weapon Shop.
 10941 | D:9      | Found Jeuts's Weapon Shop.
 10948 | D:9      | Reached XP level 10. HP: 53/94 MP: 3/9
 10949 | D:9      | Found Fieghoriu's Book Shop.
 10953 | D:9      | Found Ihihowon's Antique Armour Shop.
 11171 | D:9      | Bought a +3 antimagic broad axe for 348 gold pieces
 11219 | D:9      | Reached skill level 10 in Axes
 11515 | D:9      | Found an iron altar of Okawaru.
 11605 | D:9      | Noticed Harold
 11608 | D:9      | Noticed a two-headed ogre
 11617 | D:9      | Killed Harold
 11617 | D:9      | Reached ***** piety under Trog
 11620 | D:9      | Killed a two-headed ogre
 11632 | D:9      | Reached skill level 10 in Armour
 11818 | D:9      | Noticed a two-headed ogre
 11831 | D:9      | Killed a two-headed ogre
 12114 | D:9      | Found a sacrificial altar of Ru.
 12221 | D:9      | Found a runed translucent gate.
 12221 | D:9      | Found a runed translucent gate.
 12221 | D:9      | Found a runed translucent gate.
 12222 | D:9      | Noticed a purple ugly thing
 12224 | D:9      | Noticed a green ugly thing
 12224 | D:9      | Noticed a cyan ugly thing
 12224 | D:9      | Noticed a white ugly thing
 12225 | D:9      | Noticed a red very ugly thing
 12368 | D:9      | Killed a cyan ugly thing
 12369 | D:9      | Killed a red very ugly thing
 12369 | D:9      | Slain by a cyan ugly thing

Illustrated notes

Levels and vault maps discovered:
D:1:      kennysheep_arrival_seaside, layout_loops_cross,
          shapermc_ecumenical_altar_mp_urbaneastern, corexii_corridor_pit,
          chequers_decorated_corner, minmay_pentomino_p2
D:2:      kennysheep_six_static_rooms, layout_basic, minmay_misc_feat_alley
D:3:      layout_rooms, grunt_dithmenos_smoke, jmf_multi_god_temple,
          portal_sewer_entry_a, serial_curves, eino_curves_03, eino_curves_01,
          corexii_shack
D:4:      layout_cave_pods, grunt_temple_overflow_order_and_chaos_2,
          minmay_temple_entry_mini_moons
D:5:      layout_loops_corners, trog_butcher_becter, water_boxes_lemuel
D:6:      layout_cave_pools
D:7:      layout_loops_corners, nicolae_vehumet_altar_sigil,
          minmay_misc_feat_secret_circle, minmay_quadrilaterals
D:8:      layout_basic, amcnicky_altar_gilded, nemelex_altar_shiori,
          chequers_temple_overflow_statue_of_worship, dpeg_lair_monsters,
          nicolae_underground_beach, uniq_psyche
D:9:      layout_cave_pods, okawaru_gym_becter, kennysheep_little_box,
          nicolae_ru_path_of_blood, ploomutoo_gammafunk_ghost_potion_laboratory,
          minmay_shop_grid_forest, uniq_joseph, uniq_harold

Skill      XL: |  1  2  3  4  5  6  7  8  9 10 |
---------------+-------------------------------+-----
Fighting       | 4 5 6 7 9 10 11 | 11.5
Axes           | 4 5 6 8 9 11 | 11.7
Dodging        | 3 4 5 6 |  6.4
Armour         | 3 4 5 8 10 | 10.4
Maces & Flails | 1 2 3 |  3.2

Action                   |  1- 3 |  4- 6 |  7- 9 | 10-12 || total
-------------------------+-------+-------+-------+-------++-------
Melee: Hand axe          |    87 |       |       |       ||    87
       Headbutt          |    19 |    25 |    49 |    16 ||   109
       Mace              |       |   150 |    30 |       ||   180
       War axe           |       |       |   165 |     7 ||   172
       Broad axe         |       |       |       |    59 ||    59
Throw: Stone             |     8 |    39 |    14 |     6 ||    67
Invok: Berserk           |       |       |     7 |     2 ||     9
  Use: Potion            |       |       |     3 |       ||     3
       Scroll            |       |       |     2 |       ||     2
 Stab: Sleeping          |     1 |       |       |       ||     1
Armor: Animal skin       |    12 |       |       |       ||    12
       Ring mail         |     9 |    58 |       |       ||    67
       Chain mail        |       |    12 |   140 |    31 ||   183
Dodge: Dodged            |    54 |   112 |   127 |    43 ||   336

Table legend: (Time is in decaauts)
 A = Elapsed time spent in this place.
 B = Non-inter-level travel time spent in this place.
 C = Inter-level travel time spent in this place.
 D = Time resting spent in this place.
 E = Time spent auto-exploring this place.
 F = Levels seen in this place.
 G = Mean time per level.
                   A        B        C        D        E       F      G
               +--------+--------+--------+--------+--------+-----+--------+
         Total |  12584 |  12434 |    150 |   3579 |   6682 |  10 | 1258.4 |
       Dungeon |  12060 |  11910 |    150 |   3479 |   6452 |   9 | 1340.0 |
         Sewer |    524 |    524 |      0 |    100 |    230 |   1 |  524.0 |
               +--------+--------+--------+--------+--------+-----+--------+

Top non-repeatable levels by time:
     D:6: 1999 daAuts
     D:9: 1855 daAuts
     D:8: 1508 daAuts
     D:7: 1499 daAuts
     D:2: 1197 daAuts
     D:5: 1165 daAuts
     D:4: 997 daAuts
     D:1: 960 daAuts
     D:3: 875 daAuts
   Sewer: 524 daAuts
